 Dungeon Crawl Stone Soup version 0.16-a0-3641-g71d4c1b (webtiles) character file.

65 thelaststarmaker the Covert (level 3, -1/27 HPs)
             Began as a Vampire Assassin on Apr 3, 2015.
             Killed from afar by Sigmund (9 damage)
             ... with a puff of flame
             ... on level 2 of the Dungeon.
             The game lasted 00:05:50 (988 turns).

thelaststarmaker the Covert (Vampire Assassin)       Turns: 988, Time: 00:05:50

Health: -1/27      AC:  0    Str:  5    XL:     3   Next: 94%
Magic:  1/3        EV: 19    Int: 13    God:
Gold:   76         SH:  0    Dex: 21    Spells: 0 memorised, 2 levels left

rFire  . . .     SeeInvis +     a - melded +2 dagger
rCold  . . .     Clarity  .     c - melded +0 robe
rNeg   + . .     SustAb   .     (shield currently unavailable)
rPois  .         Gourm    .     (helmet currently unavailable)
rElec  .         Spirit   .     d - melded +0 cloak
rCorr  .         Warding  .     (gloves currently unavailable)
rMut   .         Stasis   .     (boots currently unavailable)
MR     .....                    (no amulet)
Stlth  +++++.....               (ring currently unavailable)
                                (ring currently unavailable)

@: bat-form, flying, very quick, not resistant to hostile enchantments, quite
stealthy
A: bottle blood, (fangs 0), see invisible, (unbreathing)
a: End Transformation


You were on level 2 of the Dungeon.
You were not thirsty.
You were in vampire-bat-form.
You visited 1 branch of the dungeon, and saw 2 of its levels.

You collected 76 gold pieces.

Inventory:

Hand weapons
 a - a +2 dagger (melded)
 b - a +0 blowgun
Missiles
 e - 8 poisoned needles
 f - 2 curare-tipped needles
 n - 17 poisoned sling bullets
Armour
 c - a +0 robe (melded)
 d - a +0 cloak (melded)
Jewellery
 s - an uncursed ring of positive energy {unknown}
 t - a cursed -2 ring of strength {unknown}
Scrolls
 h - a scroll of amnesia {unknown}
 i - a scroll of noise {unknown}
 k - a scroll of blinking {unknown}
 m - a scroll of identify {unknown}
 q - a scroll of remove curse {unknown}
 u - a scroll of teleportation {unknown}
Potions
 g - a potion of blood
 j - a potion of flight {unknown}
 l - a potion of haste {unknown}
 o - a potion of restore abilities {unknown}
 p - a potion of curing {unknown}
 r - a potion of brilliance {unknown}


   Skills:
 - Level 1.7 Fighting
 - Level 2.1 Short Blades
 - Level 1.5 Throwing
 - Level 1.1 Dodging
 + Level 8.4 Stealth


You had 2 spell levels left.
You didn't know any spells.

Dungeon Overview and Level Annotations

Branches:
Dungeon (2/15)

Altars:

Annotations:
D:2 Sigmund, Terence


Innate Abilities, Weirdness & Mutations

You can bottle blood from corpses.
((You have razor-sharp teeth.))
You have supernaturally acute eyesight.
((You can survive without breathing.))


Message History

You hit Terence but do no damage. Terence misses you.
You hit Terence.
Terence is lightly wounded.
Terence says, "How do you enjoy it?" Terence hits you with a falchion.
* * * LOW HITPOINT WARNING * * *
Sigmund gestures wildly while chanting.
Sigmund flickers and vanishes for a moment.
Terence hits you with a falchion.
* * * LOW HITPOINT WARNING * * *
You see here a meat ration.
Use which ability? (? or * to list)
You fail to use your ability.
Use which ability? (? or * to list)
You turn into a vampire bat.
Your +2 dagger melds into your body.
Your +0 cloak melds into your body.
Your +0 robe melds into your body.
Sigmund completely misses you. Sigmund gestures at you while chanting.
The puff of flame hits you!
You die...

.# # .##### ### ...... ..#
...### ## #.# .... .. #.#
.## #.##.########### # #
#.#..b.....@@%.# .##
#.#..#########.# ..##
#....# #.# .....
##...###...............
..###
.####...####...$....######.
.## #......#.........#####
.# #######...####..#. .
................# #
#####......#####.#


You could see Sigmund (invisible) and Terence.

Vanquished Creatures
  Ijyb (D:2)
  3 adders (D:2)
  A giant gecko (D:2)
  3 bats (D:1)
  A giant cockroach (D:1)
  6 kobolds
  3 giant newts
  3 goblins
  3 rats
24 creatures vanquished.

Notes
Turn   | Place    | Note
--------------------------------------------------------------
     0 | D:1      | thelaststarmaker, the Vampire Assassin, began the quest for the Orb.
     0 | D:1      | Reached XP level 1. HP: 16/16 MP: 1/1
    48 | D:1      | Reached skill level 6 in Stealth
   349 | D:1      | Reached XP level 2. HP: 22/22 MP: 2/2
   626 | D:2      | Reached skill level 7 in Stealth
   700 | D:2      | Noticed Ijyb
   791 | D:2      | Killed Ijyb
   791 | D:2      | Reached XP level 3. HP: 7/27 MP: 3/3
   912 | D:2      | Reached skill level 8 in Stealth
   949 | D:2      | Noticed Sigmund
   971 | D:2      | Noticed Terence
   988 | D:2      | Killed from afar by Sigmund

Action                   || total
-------------------------++-------
Melee: Dagger            ||    58
 Fire: Blowgun           ||     8
 Abil: Bat Form          ||     1
 Stab: Sleeping          ||     8
